 Dungeon Crawl Stone Soup version 0.30-a0-639-g3916f1956a (webtiles) character file.

Game seed: 4211513591615457069

849 Mitcholas the Cleaver (level 8, 0/46 HPs)
             Began as a Gargoyle Fighter on Jan 15, 2023.
             Was an Initiate of Okawaru.
             Slain by a steam dragon (2 damage)
             ... on level 6 of the Dungeon.
             The game lasted 00:06:46 (4691 turns).

Mitcholas the Cleaver (Gargoyle Fighter)            Turns: 4691, Time: 00:06:46

Health: 0/46       AC: 13    Str: 22    XL:     8   Next: 1%
Magic:  8/8        EV:  9    Int:  9    God:    Okawaru [......]
Gold:   327        SH:  4    Dex:  9    Spells: 7/7 levels left

rFire   . . .      SeeInvis .    a - +0 war axe
rCold   . . .      Faith    .    c - +0 buckler
rNeg    + . .      Spirit   .    b - +0 scale mail
rPois   ∞          Reflect  .    (no helmet)
rElec   +          Harm     .    (no cloak)
rCorr   .          Rampage  .    l - +0 pair of gloves
Will    .....                    (no boots) Stlth
                                 (no amulet)
HPRegen 0.27/turn                (no ring)
MPRegen 0.11/turn                (no ring)

@: no status effects
A: sickness immunity, AC +5, negative energy resistance 1, electricity
resistance, torment resistance 1, petrification resistance
a: Renounce Religion


You were on level 6 of the Dungeon.
You worshipped Okawaru.
Okawaru was noncommittal.
You visited 2 branches of the dungeon, and saw 7 of its levels.

You collected 327 gold pieces.

Inventory:

Hand Weapons
 a - a +0 war axe (weapon)
Missiles
 m - 13 poisoned darts (quivered)
Armour
 b - a +0 scale mail (worn)
 c - a +0 buckler (worn)
 l - a +0 pair of gloves (worn)
 u - a +0 cloak
Jewellery
 e - an amulet of regeneration
Wands
 s - a wand of flame (14)
Scrolls
 f - 2 scrolls of magic mapping {unknown}
 i - 3 scrolls of amnesia {unknown}
 k - 8 scrolls of identify {unknown}
 o - a scroll of poison {unknown}
 q - 2 scrolls of noise {unknown}
Potions
 d - a potion of might
 g - a potion of flight {unknown}
 h - 4 potions of degeneration {unknown}
 j - a potion of lignification {unknown}
 n - a potion of attraction {unknown}
 p - a potion of ambrosia {unknown}
 r - a potion of cancellation {unknown}
 t - a potion of curing {unknown}
 v - a potion of brilliance {unknown}
 w - a potion of invisibility {unknown}


   Skills:
 - Level 3.2 Fighting
 + Level 8.2 Axes
 - Level 3.2 Armour
 - Level 3.2 Shields


You had 7 spell levels left.
You didn't know any spells.
Your spell library contained the following spells:

 Spells                   Type           Power      Damage    Failure   Level
 Freeze                   Ice            0%         1d3       80%         1
 Necrotise                Necr           0%         1d4       80%         1
 Wereblood                Tmut           0%         N/A       91%         2
 Frozen Ramparts          Ice            0%         1d1       99%         3
 Hailstorm                Conj/Ice       0%         3d3       99%         3
 Inner Flame              Hex/Fire       0%         N/A       99%         3
 Kindle Blastsparks       Fire/Tloc/Air  0%         2d10      99%         3
 Portal Projectile        Hex/Tloc       0%         N/A       99%         3
 Vampiric Draining        Necr           0%         2d6       99%         3
 Flame Wave               Conj/Fire      0%         2d4       100%        4
 Fulminant Prism          Conj/Hex       0%         3d5       100%        4
 Iskenderun's Mystic Bla  Conj/Tloc      0%         2d3       100%        4
 Manifold Assault         Tloc           0%         N/A       100%        4
 Sticky Flame             Conj/Fire      0%         2d3       100%        4
 Agony                    Necr           0%         N/A       100%        5
 Blade Hands              Tmut           0%         N/A       100%        5
 Lee's Rapid Deconstruct  Erth           0%         3d4*      100%        5
 Dispersal                Tloc           0%         N/A       100%        6
 Disjunction              Tloc           0%         N/A       100%        8
 Sublimation of Blood     Necr           Unusable   N/A       N/A         2
 Tukima's Dance           Hex            Unusable   N/A       N/A         3
 Summon Hydra             Summ           Unusable   N/A       N/A         7

Dungeon Overview and Level Annotations

Branches:
Dungeon (6/15)             Temple (1/1) D:4

Altars:
Ashenzari
Cheibriados
Dithmenos
Elyvilon
Fedhas
Gozag
Hepliaklqana
Kikubaaqudgha
Makhleb
Nemelex Xobeh
Okawaru
Qazlal
Ru
Sif Muna
Trog
Uskayaw
Vehumet
Zin
The Shining One

Shops:
D:1 !


Innate Abilities, Weirdness & Mutations

You are immune to sickness and miasma.
Your stone body is resilient. (AC +5)
You are immune to poison.
You resist negative energy. (rN+)
You are resistant to electric shocks. (rElec)
You are resistant to unholy torment.
You are immune to petrification.


Message History

The steam dragon is lightly wounded.
You are engulfed in a cloud of scalding steam.
The steam dragon bites you! The steam dragon barely misses you.
The steam dragon closely misses you.
The steam dragon claws you but does no damage.
You closely miss the steam dragon.
The steam dragon is lightly wounded.
You are engulfed in a cloud of scalding steam.
The steam dragon closely misses you.
The steam dragon claws you but does no damage.
You hit the steam dragon.
The steam dragon is moderately wounded.
You are engulfed in a cloud of scalding steam.
An adder comes into view.
A howler monkey comes into view.
The steam dragon bites you but does no damage.
The steam dragon claws you but does no damage.
You hit the steam dragon.
The steam dragon is moderately wounded.
You miss the hound.
You are engulfed in a cloud of scalding steam.
The hound bites you. The hound barely misses you.
The steam dragon breathes steam at you. The ball of steam hits you!
* * * LOW HITPOINT WARNING * * *
You hear a bark!
You closely miss the steam dragon.
The steam dragon is moderately wounded.
You barely miss the hound. The hound closely misses you.
The steam dragon bites you.
* * * LOW HITPOINT WARNING * * *
The steam dragon claws you but does no damage.
The hound bites you but does no damage.
You are too injured to fight recklessly!
You are too injured to fight recklessly!
You slash the steam dragon!
The steam dragon is almost dead.
You miss the hound. The hound closely misses you.
The steam dragon bites you but does no damage.
The steam dragon claws you.
You die...

#..........
.###.......D#
$...........###..
#.....#..........
#......# .... ##
#..#§.## ....
#.###...####..#
......#.#.#S.#
.....##.#@h).#..
.....h..D........
......#......##..
.....#.........#
....##...........
(......<.......#..
..##...........# .
##.......##..#
##...........


You could see a steam dragon (catching breath), a howler monkey, a hound and an
adder.

Vanquished Creatures
  A centaur (D:4)
  A phantom (D:5)
  2 scorpions (D:4)
  A howler monkey (D:4)
  A hound (D:5)
  A jelly (D:4)
  An orc priest (D:3)
  Crazy Yiuf (D:4)
  A gnoll bouda (D:5)
  Jessica (D:2)
  Natasha (thrice) (Temple)
  3 orc wizards
  5 adders
  8 gnolls
  4 worms (D:2)
  9 orcs
  10 ball pythons
  An endoplasm (D:3)
  2 giant cockroaches
  4 goblins
  8 hobgoblins
  2 jackals (D:1)
  12 kobolds
  2 quokkas
  2 bats
  5 frilled lizards
  10 rats
101 creatures vanquished.

Notes
Turn   | Place    | Note
-------+----------+-------------------------------------------
     0 | D:1      | Mitcholas the Gargoyle Fighter began the quest for the Orb.
     0 | D:1      | Reached XP level 1. HP: 14/14 MP: 1/1
    44 | D:1      | Reached skill level 2 in Axes
   115 | D:1      | Reached XP level 2. HP: 17/19 MP: 2/2
   248 | D:1      | Found Aqeym's Distillery.
   385 | D:1      | Reached skill level 3 in Axes
   672 | D:1      | Reached XP level 3. HP: 23/23 MP: 3/3
  1272 | D:2      | Noticed Jessica
  1278 | D:2      | Killed Jessica
  1279 | D:2      | Reached skill level 4 in Axes
  1279 | D:2      | Reached XP level 4. HP: 17/28 MP: 4/4
  1811 | D:3      | Reached XP level 5. HP: 23/32 MP: 5/5
  2056 | D:3      | Reached skill level 5 in Axes
  2157 | D:3      | Reached XP level 6. HP: 37/37 MP: 6/6
  2465 | D:4      | Identified the +8 shortbow "Spiderbane" {drain, rCorr}
  2546 | D:4      | Found a staircase to the Ecumenical Temple.
  2554 | D:4      | Noticed Natasha
  2566 | Temple   | Entered the Ecumenical Temple
  2571 | Temple   | Killed Natasha
  2572 | Temple   | Noticed Natasha
  2585 | Temple   | Killed Natasha
  2595 | D:4      | Reached skill level 6 in Axes
  2663 | D:4      | Reached XP level 7. HP: 7/41 MP: 7/7
  2811 | D:4      | Reached skill level 7 in Axes
  2843 | Temple   | Noticed Natasha
  2854 | Temple   | Killed Natasha
  3233 | Temple   | Became a worshipper of Warmaster Okawaru
  3448 | D:4      | Found a runed translucent door.
  3449 | D:4      | Noticed Crazy Yiuf
  3706 | D:4      | Killed Crazy Yiuf
  3792 | D:5      | Entered Level 5 of the Dungeon
  4093 | D:5      | Reached skill level 8 in Axes
  4324 | D:5      | Reached XP level 8. HP: 46/46 MP: 8/8
  4690 | D:6      | HP: 1/46 [steam dragon (3)]
  4691 | D:6      | Slain by a steam dragon

Illustrated notes

Levels and vault maps discovered:
D:1:      amcnicky_arrival_wind_blow, layout_basic, serial_shops,
          nicolae_shop_trees, minmay_pentomino_r2
D:2:      layout_basic, uniq_jessica
D:3:      layout_rooms
D:4:      layout_basic, minmay_temple_entry_sparse_star, kennysheep_potato,
          uniq_crazy_yiuf_cottage, uniq_natasha
D:5:      layout_loops_ring
D:6:      cheibrodos_two_vegetables, layout_cave_pools,
          kennysheep_generic_room_3
Temple:   compressed_dpeg_triangle_lava_temple

Skill      XL: |  1  2  3  4  5  6  7 |
---------------+----------------------+-----
Axes           | 2 3 4 5 6 8 |  8.2
Fighting       | |  3.2
Armour         | |  3.2
Shields        | |  3.2

Action                   |  1- 3 |  4- 6 |  7- 9 || total
-------------------------+-------+-------+-------++-------
Melee: War axe           |   119 |   154 |   122 ||   395
Throw: Dart              |       |    17 |       ||    17
  Use: Potion            |       |       |     2 ||     2
Armor: Scale mail        |    56 |    91 |    56 ||   203
Dodge: Dodged            |    48 |    78 |    58 ||   184
Block: Buckler           |    17 |    26 |    26 ||    69

Table legend: (Time is in decaauts)
 A = Elapsed time spent in this place.
 B = Non-inter-level travel time spent in this place.
 C = Inter-level travel time spent in this place.
 D = Time resting spent in this place.
 E = Time spent auto-exploring this place.
 F = Levels seen in this place.
 G = Mean time per level.
                   A        B        C        D        E       F      G
               +--------+--------+--------+--------+--------+-----+--------+
         Total |   4823 |   4442 |    381 |    310 |   3100 |   7 |  689.0 |
       Dungeon |   4376 |   4007 |    369 |    310 |   2733 |   6 |  729.3 |
        Temple |    447 |    435 |     12 |      0 |    367 |   1 |  447.0 |
               +--------+--------+--------+--------+--------+-----+--------+

Top non-repeatable levels by time:
     D:1: 1002 daAuts
     D:4: 949 daAuts
     D:5: 876 daAuts
     D:2: 870 daAuts
     D:3: 643 daAuts
  Temple: 447 daAuts
     D:6: 34 daAuts
